 Dungeon Crawl Stone Soup version 0.31.0-1-g2c135a008e (webtiles) character file.

Game seed: 9544239243385760598

46 qw the Shooter (level 3, 0/29 HPs)
             Began as a Djinni Hunter on Jan 23, 2024.
             Slain by a cerulean imp
             ... wielding a +0 spear
             ... summoned by Natasha
              (2 damage)
             ... on level 2 of the Dungeon.
             The game lasted 00:00:04 (1078 turns).

qw the Shooter (Djinni Hunter)                      Turns: 1078, Time: 00:00:04

Health: 0/29       AC:  3    Str: 10    XL:     3   Next: 95%
Gold:   79         EV: 12    Int: 10    God:
                   SH:  0    Dex: 18

rFire   + + .        a - +0 shortbow
rCold   x . .        (shield currently unavailable)
rNeg    . . .        c - +0 leather armour
rPois   inf          (no helmet)
rElec   .            (no cloak)
rCorr   .            (no gloves)
SInv    .            (boots unavailable)
Will    .....        (no amulet)
Stlth   ++           (no ring)
HPRegen 0.24/turn    (no ring)
MPRegen 0.00/turn

%: infuse magic (-1 HP)
@: about to teleport, flying
A: sickness immunity, fire resistance 2, cold vulnerability 1, float, innate
caster, HP casting, extra vitality 1
a: no special abilities


You were on level 2 of the Dungeon.
You visited 1 branch of the dungeon, and saw 2 of its levels.

You collected 79 gold pieces.


Innate Abilities, Weirdness & Mutations

You are immune to sickness and miasma.
You are immune to poison.
Your flesh is very heat resistant. (rF++)
You are vulnerable to cold. (rC-)
You float through the air rather than walking.
You learn spells naturally, not from books.
Your magical power is your life essence.
You have superior vitality. (+4 MHP)


   Skills:
 + Level 2.9 Fighting
 - Level 4.0 Ranged Weapons
 - Level 2.1 Dodging
 - Level 0.7 Stealth


You knew the following spells:

 Your Spells              Type           Power      Damage    Failure   Level
a - Summon Small Mammal   Summ           0%         N/A       45%         1
Your spell library was empty.

Inventory:

Hand Weapons
 a - a +0 shortbow (weapon)
Armour
 b - a +0 ring mail
 c - a +0 leather armour (worn)
Scrolls
 d - a scroll of identify

Dungeon Overview and Level Annotations

Branches:
Dungeon (2/15)

Altars:

Annotations:
D:2 Natasha


Message History

Enter note:
Enter note:
Enter note: You shoot an arrow.
The arrow closely misses Natasha.
The arrow misses the cerulean imp.
Natasha claws you.
The cerulean imp hits you from afar with a +2 spear.
You shoot an arrow. The arrow barely misses Natasha.
The arrow hits the cerulean imp!
The cerulean imp is severely wounded.
Natasha closely misses you.
The cerulean imp hits you from afar with a +0 spear.
The cerulean imp closely misses you. Natasha closely misses you.
You shoot an arrow. The arrow hits Natasha.
Natasha is moderately wounded.
The cerulean imp hits you from afar with a +0 spear.
The cerulean imp hits you from afar with a +2 spear.
Natasha closely misses you.
The cerulean imp hits you but does no damage.
You shoot an arrow.
The arrow hits Natasha but does no damage.
Natasha is moderately wounded.
The cerulean imp hits you from afar with a +2 spear.
Natasha closely misses you.
The cerulean imp hits you but does no damage.
The cerulean imp hits you from afar with a +2 spear.
1076 ||| READING scroll of teleportation.
As you read the scroll of teleportation, it crumbles to dust.
You feel strangely unstable. Natasha misses you.
The cerulean imp barely misses you. x2
You shoot an arrow. The arrow hits Natasha.
Natasha is moderately wounded.
Natasha claws you but does no damage.
The cerulean imp hits you from afar with a +0 spear.
The cerulean imp hits you from afar with a +2 spear.
You shoot an arrow. The arrow hits Natasha.
Natasha is heavily wounded.
Natasha closely misses you.
The cerulean imp hits you from afar with a +0 spear.
You die...

####.######## ...#'#...#
##.....#.# ....
.#.....#.# ....
.#.....#.# .....
.#.....#.# .....
.#.......# ......
.#.###.### ###5.....
.#.......#.#####@h5.....
##.###...#.......#......
##.# #.########.## .....
..############..# ....
..'...).....#...# ...
..#########.#.#.# ##
..........#.#.#.#
#######.....(.#.#
#.....#.#.#.###.#


You could see Natasha and 2 cerulean imps.

Vanquished Creatures
  An adder (D:2)
  A dart slug (D:1)
  A ribbon worm (D:2)
  3 endoplasms (D:1)
  A giant cockroach (D:2)
  4 goblins
  5 hobgoblins
  A quokka (D:2)
  2 ball pythons
  3 bats
  2 frilled lizards (D:1)
  2 kobolds
  7 rats
33 creatures vanquished.

Notes
Turn   | Place    | Note
-------+----------+-------------------------------------------
     0 | D:1      | qw the Djinni Hunter began the quest for the Orb.
     0 | D:1      | Reached XP level 1. HP: 18/18 MP: 0/0
     0 | D:1      | 0 ||| qw: Version: 0.3-a-135-gb77e89d
     0 | D:1      | 0 ||| qw: Game counter: 801
     0 | D:1      | 0 ||| qw: Melee chars always use a shield: true
     0 | D:1      | 0 ||| qw: God list: Okawaru
     0 | D:1      | 0 ||| qw: Allow faded altars: false
     0 | D:1      | 0 ||| qw: Do Orc after clearing Dungeon:15 true
     0 | D:1      | 0 ||| qw: Do second Lair branch before Depths: true
     0 | D:1      | 0 ||| qw: Lair rune preference: random
     0 | D:1      | 0 ||| qw: Goals: Normal
     0 | D:1      | 0 ||| PLANNING D:1-11
    79 | D:1      | Reached XP level 2. HP: 14/23 MP: 0/0
   308 | D:1      | Reached XP level 3. HP: 28/28 MP: 0/0
   308 | D:1      | Learned a level 1 spell: Summon Small Mammal
   427 | D:1      | Reached skill level 4 in Ranged Weapons
   623 | D:1      | 623 ||| READING 2 scrolls labelled CEAFAIXAST.
   623 | D:1      | 623 ||| IDENTIFYING smoky black potion
   624 | D:1      | 624 ||| READING scroll of identify.
   624 | D:1      | 624 ||| IDENTIFYING scroll labelled BISHAMUMIKK
   625 | D:1      | 625 ||| READING scroll labelled DEMUSSE VIXAIS.
   625 | D:1      | 625 ||| ENCHANTING +0 shortbow.
   626 | D:1      | 626 ||| DROPPING scroll of butterflies.
   627 | D:1      | 627 ||| DROPPING potion of attraction.
  1065 | D:2      | Noticed Natasha
  1075 | D:2      | HP: 6/29 [cerulean imp/+2 spear[Natasha] (4)]
  1076 | D:2      | 1076 ||| READING scroll of teleportation.
  1077 | D:2      | HP: 1/29 [cerulean imp/+2 spear[Natasha] (2)]
  1078 | D:2      | Slain by a cerulean imp

Levels and vault maps discovered:
D:1:      dpeg_arrival_rhombus, layout_loops_ring, minmay_tromino_v4_a
D:2:      layout_basic, uniq_natasha, uniq_jessica

Skill      XL: |  1  2  3 |
---------------+----------+-----
Ranged Weapons | 4 |  4.0
Fighting       | |  2.9
Dodging        | |  2.1
Stealth        | |  0.7

Action                     || total
---------------------------++-------
   Fire: Shortbow          ||   105
    Use: Scroll            ||     4
 Armour: Leather armour    ||    39
  Dodge: Dodged            ||    40

Table legend:
 A = Non-vault XP
 B = Vault XP
 C = Vault XP percentage of total XP
 D = Non-vault monster count
 E = Vault monster count
 F = Vault count percentage of total count
                 A         B        C        D         E       F
            +---------+---------+-------+---------+---------+-------
      Total |      62 |       5 |   7.5 |      30 |       3 |   9.1
            +---------+---------+-------+---------+---------+-------
        D:1 |      26 |       5 |  16.1 |      16 |       3 |  15.8
        D:2 |      36 |       0 |   0.0 |      14 |       0 |   0.0
            +---------+---------+-------+---------+---------+-------
